 Dungeon Crawl Stone Soup version 0.21-a0-582-g1b93aee (webtiles) character file.

39 Gaball the Slasher (level 3, 0/29 HPs)
             Began as a Demonspawn Abyssal Knight on Dec 19, 2017.
             Was a Follower of Lugonu.
             Slain by an adder (1 damage)
             ... on level 2 of the Dungeon.
             The game lasted 00:02:10 (1126 turns).

Gaball the Slasher (Demonspawn Abyssal Knight)      Turns: 1126, Time: 00:02:11

Health: 0/29       AC:  3    Str: 13    XL:     3   Next: 28%
Magic:  4/4        EV: 11    Int: 13    God:    Lugonu [*.....]
Gold:   46         SH:  0    Dex: 12    Spells: 2/2 levels left

rFire    . . .     SeeInvis .   a - +1 falchion
rCold    + . .     Gourm    .   (no shield)
rNeg     . . .     Faith    .   b - +0 leather armour
rPois    .         Spirit   .   (no helmet)
rElec    .         Reflect  .   (no cloak)
rCorr    .         Harm     .   (no gloves)
MR       .....                  (no boots)
Stlth    +.........             (no amulet)
HPRegen  0.09/turn              (no ring)
MPRegen  0.09/turn              (no ring)

@: lethally poisoned (0 -> -7)
A: cold resistance 1, powered by pain 1
a: Depart the Abyss, Renounce Religion


You were on level 2 of the Dungeon.
You worshipped Lugonu.
Lugonu was aware of your devotion.
You were hungry.

You visited 1 branch of the dungeon, and saw 2 of its levels.
You visited the Abyss 1 time.

You collected 46 gold pieces.

Inventory:

Hand Weapons
 a - a +1 falchion (weapon)
Armour
 b - a +0 leather armour (worn)
Scrolls
 d - a scroll of blinking {unknown}
 f - a scroll of fog {unknown}
 h - a scroll of teleportation {unknown}
 j - a scroll of identify {unknown}
Potions
 e - a potion of resistance {unknown}
 g - a potion of might {unknown}
 i - a potion of magic
Comestibles
 c - 3 rations


   Skills:
 - Level 3.0 Fighting
 + Level 3.4 Long Blades
 - Level 1.7 Armour
 - Level 0.8 Dodging
 - Level 2.4 Invocations


You had 2 spell levels left.
You didn't know any spells.

Dungeon Overview and Level Annotations

Branches:
Dungeon (2/15)

Altars:
Nemelex Xobeh
Ru


Innate Abilities, Weirdness & Mutations

Your flesh is cold resistant. (rC+)
You sometimes gain a little power by taking damage.


Message History

The adder is moderately wounded.
You feel sick. The adder bites you.
* * * LOW HITPOINT WARNING * * *
The adder barely misses you.
You hit the adder but do no damage.
The adder is moderately wounded.
The adder bites you.
* * * LOW HITPOINT WARNING * * *
You hit the adder but do no damage.
The adder is moderately wounded.
The adder misses you.
You riposte.
You closely miss the adder.
The adder is moderately wounded.
The adder bites you.
* * * LOW HITPOINT WARNING * * *
You are more poisoned.
The adder poisons you!
It was a potion of magic.
Magic courses through your body.
* * * LOW HITPOINT WARNING * * *
You feel sick. The adder bites you.
You die...

.#..(...##...##.#
.##..)###..#.##.#
.....(..........#
####............#
#.......>....##
#.....#..(....#
#......#.....#.#
#.......###.###.#
#..#....# #.# #@#
...#..### #.# #S#
....#.## #. #..#
##.# .# .# .# ..
..


You could see an adder.

Vanquished Creatures
  An adder (D:2)
  A worm (D:2)
  2 leopard geckos
  3 giant cockroaches (D:1)
  4 goblins
  3 hobgoblins
  A ball python (D:1)
  3 bats
  2 frilled lizards (D:1)
  4 kobolds
  A rat (D:1)
25 creatures vanquished.

Notes
Turn   | Place    | Note
-------+----------+-------------------------------------------
     0 | Abyss:1  | Gaball the Demonspawn Abyssal Knight began the quest for the Orb.
     0 | Abyss:1  | Reached XP level 1. HP: 18/18 MP: 2/2
    47 | Abyss:1  | Noticed a raiju
    51 | Abyss:1  | Noticed a worldbinder
    51 | D:1      | Escaped the Abyss
   293 | D:1      | Gained mutation: Your flesh is cold resistant. (rC+) [demonic ancestry]
   293 | D:1      | Reached XP level 2. HP: 23/24 MP: 3/3
   356 | D:1      | Found a sparkling altar of Nemelex Xobeh.
   526 | D:1      | Reached * piety under Lugonu
   751 | D:2      | Found a sacrificial altar of Ru.
  1058 | D:2      | Gained mutation: You sometimes gain a little power by taking damage. [demonic ancestry]
  1058 | D:2      | Reached XP level 3. HP: 15/29 MP: 4/4
  1126 | D:2      | HP: 1/29 [poisoned by an adder]
  1126 | D:2      | Slain by an adder

Vault maps used:
D:1:      dpeg_arrival_rooms_b, nemelex_altar_shiori
D:2:      lemuel_blue_sif_altar, nicolae_overflow_hidden_temple, uniq_jessica

Skill      XL: |  1  2 |
---------------+-------+-----
Long Blades    | 2 3 |  3.4
Fighting       | |  3.0
Armour         | |  1.7
Dodging        | |  0.8
Invocations    | |  2.4

Action                   || total
-------------------------++-------
Melee: Falchion          ||    88
Invok: Depart the Abyss  ||     1
  Use: Potion            ||     1
Armor: Leather armour    ||    44
Dodge: Dodged            ||    70
       Rpst.: Falchion   ||    20

Table legend:
 A = Spawn XP
 B = Non-spawn XP
 C = Spawn XP percentage of total XP
 D = Spawn monster count
 E = Non-spawn monster count
 F = Spawn count percentage of total count
 G = Total turns spent on level
                    A         B        C        D         E        F      G
               +---------+---------+-------+---------+---------+-------+---------
         Total |       0 |      57 |   0.0 |       0 |      25 |   0.0 |  1126
               +---------+---------+-------+---------+---------+-------+---------
           D:1 |       0 |      28 |   0.0 |       0 |      17 |   0.0 |   708
           D:2 |       0 |      29 |   0.0 |       0 |       8 |   0.0 |   367
               +---------+---------+-------+---------+---------+-------+---------
